AoeStats
← jyri.hyppanen

Oasis

509112229Analyzed
4v4 RM · 7d ago on Sep 25, 2026· 17m 19s· 8 players
Game mode
Random Map
Map size
Large (8 player)
Population
200
Speed
Normal
Resources
Standard
Victory
Conquest
Starting age
Dark Age
Ending age
Imperial Age
RankedLock teamsTeams togetherTeam positionsShared explorationLock speedFull tech treeHidden civsTurbo modeCheats
Victory
Defeat
🇲🇽 Danes · Mexico
671
+16
🇲🇽 Portuguese · Mexico
654
+17
🇲🇽 Chinese · Mexico
601
+19
🇲🇽 Teutons · Mexico
407
+27
🇫🇮 Celts · Finland
689
-21
🇪🇸 Spanish · Spain
675
-20
🇬🇧 Britons · United Kingdom
675
-20
🇩🇪 Khmer · Germany
626
-18
zeitbinder
0:35 Loom
16:44 Feudal Age
16:51 Feudal Age
TheLazyFalcon
15:18 Feudal Age
jyri.hyppanen
14:11 Feudal Age
wwwb5000
15:22 Feudal Age
16:42 Wheelbarrow
15:54 Horse Collar
16:08 Double-Bit Axe
aluv145
0:39 Loom
14:18 Feudal Age
miguelremis8
0:58 Loom
12:34 Feudal Age
13:06 Man-at-Arms
13:33 Arson
16:13 Wheelbarrow
Danielovs9
0:26 Loom
13:29 Feudal Age
andresanahuati
4:12 Loom
15:33 Feudal Age
16:25 Man-at-Arms
17:17 Double-Bit Axe
Connection lost

Rejoining the realm…

Still unreachable

The connection could not be restored.

Session expired

The server has moved on; the page needs a fresh start.